 Dungeon Crawl Stone Soup version 0.28.0-53-g5a82cb258f (webtiles) character file.

Game seed: 9393646978944465118

1101 cheechan the Chiller (level 8, -2/50 HPs)
             Began as an Octopode Ice Elementalist on June 9, 2022.
             Was a Priest of Vehumet.
             Slain by a two-headed ogre
             ... wielding a +1 vorpal dire flail
              (6 damage)
             ... on level 5 of the Dungeon.
             The game lasted 00:14:36 (3773 turns).

cheechan the Chiller (Octopode Ice Elementalist)    Turns: 3773, Time: 00:14:37

Health: -2/50      AC:  9    Str:  7    XL:     8   Next: 32%
Magic:  12/15      EV: 14    Int: 20    God:    Vehumet [***...]
Gold:   123        SH:  0    Dex: 12    Spells: 9/17 levels left

rFire   x . .      SeeInvis .   p - +1 spear (freeze)
rCold   + . .      Faith    .   (no shield)
rNeg    . . .      Spirit   .   (helmet restricted)
rPois   .          Reflect  .   m - amulet of magic regeneration
rElec   .          Harm     .   e - ring of ice
rCorr   +          Rampage  .   q - ring of resist corrosion
Will    .....                   (no ring)
Stlth   ++++......              (no ring)
HPRegen 0.16/turn               (no ring)
MPRegen 0.54/turn               (no ring)
                                (no ring)
                                (no ring)

@: ice-armoured, freezing walls
A: almost no armour, amphibious, 8 rings, camouflage 1, gelatinous body 1,
(nimble swimmer 1), tentacles
a: Renounce Religion


You were on level 5 of the Dungeon.
You worshipped Vehumet.
Vehumet was most pleased with you.
You visited 1 branch of the dungeon, and saw 5 of its levels.

You collected 123 gold pieces.

Inventory:

Hand Weapons
 d - a +0 whip of freezing
 i - a +1 whip of venom
 p - a +1 spear of freezing (weapon)
Missiles
 g - 3 boomerangs
 t - 3 poisoned darts
Jewellery
 b - an amulet of guardian spirit
 e - a ring of ice (left tentacle)
 m - an amulet of magic regeneration (around mantle)
 n - an amulet of faith
 q - a ring of resist corrosion (right tentacle)
 r - a ring of willpower
Wands
 l - a wand of iceblast (2) (quivered)
Scrolls
 h - 2 scrolls of brand weapon
 v - a scroll of magic mapping
Potions
 a - 2 potions of brilliance
 f - a potion of magic {unknown}
 j - 2 potions of haste
 k - 2 potions of heal wounds {unknown}
 o - a potion of degeneration {unknown}
 s - 2 potions of berserk rage {unknown}
 u - a potion of attraction {unknown}


   Skills:
 + Level 1.8 Fighting
 + Level 2.7 Maces & Flails
 + Level 1.4 Polearms
 + Level 3.4 Dodging
 + Level 5.2 Stealth
 + Level 5.1 Spellcasting
 + Level 6.3 Ice Magic
 + Level 1.3 Evocations


You had 9 spell levels left.
You knew the following spells:

 Your Spells              Type           Power      Damage    Failure   Level
a - Freeze                Ice            100%       1d11      1%          1
b - Frozen Ramparts       Ice            90%        1d11      1%          3
c - Magic Dart            Conj           20%        1d4       3%          1
d - Ozocubu's Armour      Ice            45%        N/A       2%          3

Your spell library contained the following spells:

 Spells                   Type           Power      Damage    Failure   Level
 Inner Flame              Hex/Fire       5%         N/A       10%         3
 Hailstorm                Conj/Ice       26%        3d7       9%          4
 Ozocubu's Refrigeration  Ice            22%        4d9       83%         7


Dungeon Overview and Level Annotations

Branches:
Dungeon (5/15)
 Temple: D:4-7

Altars:
Vehumet


Innate Abilities, Weirdness & Mutations

You cannot wear most types of armour.
You are amphibious.
You can wear up to eight rings at the same time.
Your skin changes colour to match your surroundings (Stealth+).
Your rubbery body absorbs attacks. (AC +1, EV +1)
((You are camouflaged when in or above water. (Stealth+)))
You have tentacles for arms and can constrict up to eight enemies at once.


Message History

The two-headed ogre closely misses you. x2
Casting: Frozen Ramparts (safe; 1% risk of failure)
Confirm with . or Enter, or press ? or * to list all spells.
Casting: Frozen Ramparts (safe; 1% risk of failure)
Press: ? - help, Dir - look around, f - activate You feel a surge of power!
The walls around you are covered in ice.
The wall freezes the two-headed ogre!
The two-headed ogre hits you with a +1 vorpal dire flail!!
The two-headed ogre closely misses you.
Casting: Frozen Ramparts (safe; 1% risk of failure)
Confirm with . or Enter, or press ? or * to list all spells.
Aiming: Magic Dart (safe; 3% risk of failure)
Press: ? - help, Shift-Dir - straight line, f - two-headed ogre
Aim: a two-headed ogre, wielding a +1 vorpal dire flail and a +0 giant spiked club (moderately wounded, 100% to hit)
Okay, then.
Casting: Magic Dart (safe; 3% risk of failure)
Confirm with . or Enter, or press ? or * to list all spells.
You feel a surge of power! A film of ice covers your body!
The wall freezes the two-headed ogre.
The two-headed ogre closely misses you.
The two-headed ogre hits you but does no damage.
You hit the two-headed ogre. You freeze the two-headed ogre.
The two-headed ogre is moderately wounded.
You hit the two-headed ogre. You freeze the two-headed ogre.
You tentacle-slap the two-headed ogre, but do no damage.
Your squeeze misses the two-headed ogre.
The two-headed ogre is moderately wounded.
The wall freezes the two-headed ogre.
The two-headed ogre hits you with a +1 vorpal dire flail!!
* * * LOW HITPOINT WARNING * * *
x2 The two-headed ogre misses you.
Aiming: Iceblast
Press: ? - help, Q - select action, (/) - cycle Shift-Dir - straight line The mass of ice explodes!
The iceblast engulfs the two-headed ogre!
The two-headed ogre is severely wounded.
You hear a shout! x2
The wall freezes the two-headed ogre.
The two-headed ogre hits you with a +1 vorpal dire flail.
You die...

.. #..... . #.###$ ....
.. #.... ..... s.. ...
..... #... #.# ......
##... ##.##......
#.....##..........
.......(..@# ....
###).#.##O.##.... ....
##.## #...[...# ##..#
###..# #.......# .....
#...####.....)..
....####.....#.........
.#...##.............###
(##............##.....#
..#.................§.§


You could see a two-headed ogre.

Vanquished Creatures
  Prince Ribbit (D:5)
  Grinder (D:3)
  Eustachio (D:4)
  An ice beast (D:5)
  2 ogres
  A scorpion (D:4)
  A hound (D:4)
  A gnoll shaman (D:4)
  Ijyb (D:3)
  Natasha (D:3)
  An orc wizard (D:4)
  5 gnolls
  3 adders (D:2)
  A worm (D:2)
  3 dart slugs
  3 orcs
  8 endoplasms
  4 giant cockroaches
  8 goblins
  6 hobgoblins
  4 quokkas
  6 ball pythons
  2 bats
  A frilled lizard (D:2)
  8 kobolds
  7 rats
81 creatures vanquished.

Vanquished Creatures (others)
  A wyvern zombie (D:5)
1 creature vanquished.

Grand Total: 82 creatures vanquished

Notes
Turn   | Place    | Note
-------+----------+-------------------------------------------
     0 | D:1      | cheechan the Octopode Ice Elementalist began the quest for
                  | the Orb.
     0 | D:1      | Reached XP level 1. HP: 11/11 MP: 3/3
    91 | D:1      | You fall into a shaft and drop 1 floor!
   107 | D:2      | Reached XP level 2. HP: 9/17 MP: 0/5
   546 | D:1      | Found a faded altar of an unknown god.
   563 | D:1      | Prayed at the altar of an unknown god.
   563 | D:1      | Became a worshipper of Vehumet
   563 | D:1      | Reached * piety under Vehumet
   563 | D:1      | Offered knowledge of Magic Dart by Vehumet.
   590 | D:1      | Learned a level 1 spell: Magic Dart
   626 | D:1      | Reached XP level 3. HP: 13/21 MP: 0/6
   666 | D:1      | HP: 1/21 [endoplasm (3)]
  1234 | D:2      | Reached XP level 4. HP: 25/27 MP: 4/7
  1309 | D:2      | Reached ** piety under Vehumet
  1327 | D:2      | Identified the +0 helmet of the Sturgeon {rN+ Will- Int+2
                  | Slay+2}
  1368 | D:2      | Offered knowledge of Poisonous Vapours by Vehumet.
  1377 | D:2      | Learned a level 3 spell: Frozen Ramparts
  1383 | D:2      | Learned a level 3 spell: Ozocubu's Armour
  1716 | D:2      | Reached skill level 1 in Maces & Flails
  1932 | D:3      | Noticed Grinder
  1935 | D:3      | Paralysed by Grinder for 3 turns
  1940 | D:3      | Paralysed by Grinder for 4 turns
  1957 | D:3      | Killed Grinder
  1958 | D:3      | Reached skill level 1 in Fighting
  1958 | D:3      | Reached skill level 5 in Ice Magic
  1958 | D:3      | Reached XP level 5. HP: 15/33 MP: 2/9
  1958 | D:3      | Reached XP level 6. HP: 17/38 MP: 2/10
  2147 | D:3      | Noticed Natasha
  2152 | D:3      | Killed Natasha
  2294 | D:3      | Noticed Ijyb
  2305 | D:3      | Killed Ijyb
  2659 | D:4      | Offered knowledge of Inner Flame by Vehumet.
  2665 | D:4      | Noticed Eustachio
  2666 | D:4      | Reached XP level 7. HP: 31/43 MP: 12/12
  2672 | D:4      | Killed Eustachio
  2672 | D:4      | Reached *** piety under Vehumet
  3433 | D:5      | Entered Level 5 of the Dungeon
  3438 | D:5      | Noticed Prince Ribbit
  3458 | D:5      | HP: 2/43 [Prince Ribbit (15)]
  3472 | D:5      | Reached skill level 5 in Stealth
  3472 | D:5      | Reached skill level 6 in Ice Magic
  3472 | D:5      | Reached skill level 1 in Evocations
  3484 | D:5      | Reached XP level 8. HP: 8/49 MP: 13/15
  3493 | D:5      | Killed Prince Ribbit
  3494 | D:5      | Reached skill level 1 in Polearms
  3494 | D:5      | Reached skill level 5 in Spellcasting
  3625 | D:5      | Noticed a two-headed ogre
  3640 | D:5      | Found a radiant altar of Vehumet.
  3773 | D:5      | Slain by a two-headed ogre

Illustrated notes

Levels and vault maps discovered:
D:1:      tarquinn_simple_flora_water_e, layout_rooms,
          ebering_ecumenical_altar_petrified, st_stairs_1, chequers_garden
D:2:      layout_basic
D:3:      layout_loops_ring, minmay_goblin_outpost, uniq_natasha, uniq_ijyb,
          uniq_grinder
D:4:      layout_loops_cross, uniq_eustachio
D:5:      layout_cave_pools, mainiacjoe_overflow_concentric_impassable,
          marbit_many_paths, lemuel_temple_firewalk_b, uniq_prince_ribbit1

Skill      XL: |  1  2  3  4  5  6  7  8 |
---------------+-------------------------+-----
Stealth        | 3 4 5 |  5.2
Maces & Flails | 2 |  2.7
Fighting       | 1 |  1.8
Spellcasting   | 3 4 5 |  5.1
Ice Magic      | 5 6 |  6.3
Dodging        | 3 |  3.4
Evocations     | 1 |  1.3
Polearms       | 1 |  1.4

Action                   |  1- 3 |  4- 6 |  7- 9 || total
-------------------------+-------+-------+-------++-------
Melee: Whip              |    33 |    44 |     8 ||    85
       Constrict         |     5 |    12 |     4 ||    21
       Tentacles         |     2 |    10 |     2 ||    14
       Punch             |       |     2 |     2 ||     4
       Spear             |       |       |    30 ||    30
 Cast: Freeze            |    28 |    18 |     6 ||    52
       Magic Dart        |     5 |     2 |       ||     7
       Frozen Ramparts   |       |     6 |     9 ||    15
       Ozocubu's Armour  |       |       |     2 ||     2
Evoke: Wand              |       |     5 |     3 ||     8
  Use: Scroll            |     3 |     1 |       ||     4
       Potion            |       |       |     4 ||     4
 Stab: Sleeping          |     2 |     5 |     1 ||     8
Armor: Skin              |     2 |     2 |    27 ||    31
Dodge: Dodged            |    38 |    33 |    24 ||    95
